 Dungeon Crawl Stone Soup version 0.23-a0-151-gf6d1ed2 (webtiles) character file.

2381 Amnesiac the Chiller (level 9, 0/57 HPs)
             Began as a Mummy Ice Elementalist on Sept 8, 2018.
             Was a Priest of Vehumet.
             Slain by Joseph
             ... wielding a +2 quarterstaff of crushing
              (1 damage)
             ... on level 7 of the Dungeon.
             The game lasted 00:11:03 (6951 turns).

Amnesiac the Chiller (Mummy Ice Elementalist)       Turns: 6951, Time: 00:11:04

Health: 0/57       AC: 13    Str: 11    XL:     9   Next: 22%
Magic:  5/19       EV: 12    Int: 17    God:    Vehumet [***...]
Gold:   328        SH:  0    Dex: 13    Spells: 13/21 levels left

rFire    x . .     SeeInvis .   a - +2 hand crossbow (freeze)
rCold    + . .     Gourm    .   (no shield)
rNeg     + + +     Faith    .   i - +1 robe {MR+}
rPois    ∞         Spirit   .   l - +2 helmet
rElec    .         Reflect  .   c - +0 cloak
rCorr    .         Harm     .   (no gloves)
MR       +++..                  (no boots)
Stlth    ++........             (no amulet)
HPRegen  0.19/turn              k - ring of protection from magic
MPRegen  0.16/turn              (no ring)

@: icy armour
A: no food or potions, fire vulnerability, cold resistance 1, negative energy
resistance 3, torment resistance, unbreathing
a: Renounce Religion


You were on level 7 of the Dungeon.
You worshipped Vehumet.
Vehumet was most pleased with you.
You were not hungry.

You visited 1 branch of the dungeon, and saw 7 of its levels.

You collected 328 gold pieces.

Inventory:

Hand Weapons
 a - a +2 hand crossbow of freezing (weapon)
 b - a +2 short sword of electrocution
 f - a +0 spear
Missiles
 e - 5 javelins
 j - 134 bolts (quivered)
Armour
 c - a +0 cloak (worn)
 i - a +1 robe of magic resistance (worn)
 l - a +2 helmet (worn)
Jewellery
 k - a ring of protection from magic (left hand)
Wands
 n - a wand of flame (25)
Scrolls
 d - 2 scrolls of amnesia {!r, unknown}
 g - 2 scrolls of fog {!r}
 h - 4 scrolls of remove curse {!r}
 m - a scroll of teleportation {!r}
 o - a scroll of vulnerability {!r, unknown}
 p - a scroll of magic mapping {!r, unknown}


   Skills:
 - Level 1.5 Dodging
 - Level 1.5 Stealth
 + Level 6.8 Spellcasting
 * Level 6.8 Conjurations
 * Level 6.9 Ice Magic


You had 13 spell levels left.
You knew the following spells:

 Your Spells              Type           Power        Failure   Level  Hunger
a - Freeze                Ice            ####         1%          1    N/A
b - Ozocubu's Armour      Chrm/Ice       ###.....     9%          3    N/A
d - Throw Icicle          Conj/Ice       ####....     1%          4    N/A

Your spell library contained the following spells:

 Spells                   Type           Power        Failure   Level  Hunger
 Static Discharge         Conj/Air       ###.....     2%          3    N/A
 Throw Frost              Conj/Ice       ####..       1%          2    N/A
 Summon Ice Beast         Ice/Summ       ###.....     28%         4    N/A

Dungeon Overview and Level Annotations

Branches:
Dungeon (7/15)             Temple (0/1) D:5

Altars:
Cheibriados
Elyvilon
Fedhas
Gozag
Nemelex Xobeh
Okawaru
Vehumet
The Shining One

Annotations:
D:3 Inarius's ghost, novice OgHu
D:5 MothsLongingForFire's ghost, novice TrMo
D:7 Joseph


Innate Abilities, Weirdness & Mutations

You do not eat or drink.
Your flesh is vulnerable to fire.
You are immune to poison.
Your flesh is cold resistant. (rC+)
You are immune to negative energy. (rN+++)
You are immune to unholy pain and torment.
You can survive without breathing.


Message History

Joseph is nearby!
Joseph shouts!
Joseph shoots a sling bullet.
The sling bullet hits you.
You see here a sling bullet.
Joseph unwields an uncursed hunting sling.
Joseph wields an uncursed quarterstaff of crushing.
Joseph hits you with an uncursed quarterstaff of crushing!
Casting: Freeze (safe; 1% risk of failure)
Confirm with . or Enter, or press ? or * to list all spells.
A film of ice covers your body!
Joseph hits you with an uncursed quarterstaff of crushing.
Casting: Ozocubu's Armour (safe; 9% risk of failure)
Confirm with . or Enter, or press ? or * to list all spells.
Aiming: Freeze (safe; 1% risk of failure)
Press: ? - help, Shift-Dir - straight line, f - Joseph
Aim: Joseph, wielding a quarterstaff of crushing and wearing a ring mail You freeze Joseph.
Joseph is lightly wounded.
Joseph closely misses you.
Casting: Freeze (safe; 1% risk of failure)
Confirm with . or Enter, or press ? or * to list all spells.
Aiming: Freeze (safe; 1% risk of failure)
Press: ? - help, Shift-Dir - straight line, f/p - Joseph
Aim: Joseph, wielding a quarterstaff of crushing and wearing a ring mail You freeze Joseph.
Joseph is lightly wounded.
Casting: Freeze (safe; 1% risk of failure)
Confirm with . or Enter, or press ? or * to list all spells.
Aiming: Freeze (safe; 1% risk of failure)
Press: ? - help, Shift-Dir - straight line, f/p - Joseph
Aim: Joseph, wielding a quarterstaff of crushing and wearing a ring mail You freeze Joseph.
Joseph is moderately wounded.
Joseph hits you with an uncursed quarterstaff of crushing.
* * * LOW HITPOINT WARNING * * *
Casting: Freeze (safe; 1% risk of failure)
Confirm with . or Enter, or press ? or * to list all spells.
Aiming: Freeze (safe; 1% risk of failure)
Press: ? - help, Shift-Dir - straight line, f/p - Joseph
Aim: Joseph, wielding a quarterstaff of crushing and wearing a ring mail You freeze Joseph.
Joseph is moderately wounded.
Joseph hits you with an uncursed quarterstaff of crushing.
* * * LOW HITPOINT WARNING * * *
x2
Casting: Freeze (safe; 1% risk of failure)
Confirm with . or Enter, or press ? or * to list all spells.
Aiming: Throw Icicle (safe; 1% risk of failure)
Press: ? - help, Shift-Dir - straight line, f/p - Joseph
Aim: Joseph, wielding a quarterstaff of crushing and wearing a ring mail The shard of ice hits Joseph.
Joseph is heavily wounded.
Joseph shouts, "At last, some action!"
Joseph hits you with an uncursed quarterstaff of crushing!
* * * LOW HITPOINT WARNING * * *
x2
Casting: Throw Icicle (safe; 1% risk of failure)
Confirm with . or Enter, or press ? or * to list all spells.
Aiming: Throw Icicle (safe; 1% risk of failure)
Press: ? - help, Shift-Dir - straight line, f/p - Joseph
Aim: Joseph, wielding a quarterstaff of crushing and wearing a ring mail The shard of ice hits Joseph.
Joseph is severely wounded.
Joseph hits you with an uncursed quarterstaff of crushing.
* * * LOW HITPOINT WARNING * * *
You die...

##.........#####..
##....#.#.#.#.# #..
##.............# ##.
#............### ##
##...........## # #..
#.............## #
#..##..............# ##
#.........@.......## #.
#.......@.........# ##. ... .#
#......(..........# ##.# ..##.#
##.................## #..# .....#
#...................###)## ....#
#...................##.## ....#
#...................#..# ....#
#.......#.#........##.##
....####................###.## #
...............#.#...#####..#####


You could see Joseph.

Vanquished Creatures
  Prince Ribbit (D:5)
  Sigmund (D:5)
  Eustachio (D:5)
  3 orc warriors
  3 sky beasts
  An ogre (D:7)
  A centaur (D:7)
  3 bullfrogs
  2 howler monkeys
  A crimson imp (D:5)
  7 orc wizards
  2 jellies
  3 hounds
  6 orc priests
  2 iguanas (D:6)
  A worker ant (D:4)
  A hound zombie (D:5)
  2 hound skeletons
  3 gnolls (D:4)
  8 adders
  A shadow imp (D:5)
  An adder zombie (D:7)
  3 worms
  6 leopard geckos
  31 orcs
  6 bats
  5 giant cockroaches
  7 goblins
  3 hobgoblins
  7 jackals (D:2)
  A kobold (D:1)
  2 quokkas
  A ball python (D:2)
  6 frilled lizards
  A leopard gecko zombie (D:5)
  5 rats
138 creatures vanquished.

Notes
Turn   | Place    | Note
-------+----------+-------------------------------------------
     0 | D:1      | Amnesiac the Mummy Ice Elementalist began the quest for the
                  | Orb.
     0 | D:1      | Reached XP level 1. HP: 13/13 MP: 4/4
   450 | D:1      | Reached XP level 2. HP: 14/19 MP: 0/5
   669 | D:2      | Found a blossoming altar of Fedhas.
   670 | D:2      | Found an opulent altar of Gozag.
   682 | D:2      | Found a radiant altar of Vehumet.
   687 | D:2      | Became a worshipper of Vehumet
  1182 | D:2      | Reached XP level 3. HP: 24/24 MP: 1/7
  1472 | D:2      | Reached XP level 4. HP: 29/30 MP: 9/9
  1477 | D:2      | Learned a level 3 spell: Ozocubu's Armour
  1482 | D:2      | Learned a level 4 spell: Throw Icicle
  1531 | D:2      | Reached skill level 1 in Conjurations
  2286 | D:3      | Reached XP level 5. HP: 35/35 MP: 10/10
  2410 | D:3      | Reached * piety under Vehumet
  2410 | D:3      | Offered knowledge of Shock by Vehumet.
  2731 | D:3      | Found a snail-covered altar of Cheibriados.
  3033 | D:3      | Found a large runed door.
  3034 | D:3      | Found a large runed door.
  3035 | D:3      | Noticed Inarius's ghost (novice OgHu)
  3365 | D:4      | Found a sparkling altar of Nemelex Xobeh.
  3590 | D:4      | Noticed a sky beast
  3593 | D:4      | Killed a sky beast
  3593 | D:4      | Reached XP level 6. HP: 41/41 MP: 8/11
  4107 | D:5      | Entered Level 5 of the Dungeon
  4160 | D:5      | Found a runed door.
  4160 | D:5      | Noticed a sky beast
  4170 | D:5      | Killed a sky beast
  4170 | D:5      | Reached XP level 7. HP: 21/46 MP: 5/13
  4197 | D:5      | Noticed Prince Ribbit
  4604 | D:5      | Noticed Eustachio
  4618 | D:5      | Killed Eustachio
  4618 | D:5      | Reached skill level 5 in Spellcasting
  4618 | D:5      | Reached skill level 5 in Ice Magic
  4622 | D:5      | Reached skill level 5 in Conjurations
  4757 | D:5      | Found a white marble altar of Elyvilon.
  4762 | D:5      | Found an iron altar of Okawaru.
  4784 | D:5      | Noticed Sigmund
  4802 | D:5      | Killed Sigmund
  4802 | D:5      | Reached XP level 8. HP: 20/52 MP: 9/16
  5112 | D:5      | Found a staircase to the Ecumenical Temple.
  5157 | D:5      | Found a glowing golden altar of the Shining One.
  5198 | D:5      | Killed Prince Ribbit
  5326 | D:5      | Reached ** piety under Vehumet
  5360 | D:5      | Noticed MothsLongingForFire's ghost (novice TrMo)
  5395 | D:5      | Offered knowledge of Sting by Vehumet.
  5740 | D:6      | Offered knowledge of Static Discharge by Vehumet.
  6044 | D:6      | Reached XP level 9. HP: 45/57 MP: 16/18
  6659 | D:7      | Reached *** piety under Vehumet
  6803 | D:7      | Noticed Joseph
  6951 | D:7      | HP: 1/57 [Joseph/uncursed quarterstaff of crushing (4)]
  6951 | D:7      | Slain by Joseph

Vault maps used:
D:1:      elethiomel_arrival_fortress_basement
D:2:      gammafunk_temple_overflow_forgotten, minmay_pentomino_t2
D:3:      old_standard_altar, ebering_ghost_disaster_area
D:4:      overflow_temple_1_default, first_ration
D:5:      kennysheep_mini, amethyst_overflow_temple_binary,
          minmay_temple_entry_enclosed_plants, ebering_ghost_sewer_d,
          kennysheep_generic_room_14, uniq_prince_ribbit1, uniq_eustachio,
          uniq_sigmund
D:6:      mrwooster_statue_mirror
D:7:      serial_glass, glass_columns_a, glass_columns_b, glass_columns_a,
          glass_columns_a, glass_columns_a, glass_columns_a, glass_columns_c,
          glass_columns_a, glass_columns_c, glass_columns_a, glass_columns_a,
          glass_columns_a, glass_columns_a, glass_columns_a, basic_altar,
          uniq_joseph

Skill      XL: |  1  2  3  4  5  6  7  8 |
---------------+-------------------------+-----
Ice Magic      | 3 4 5 6 |  6.9
Spellcasting   | 3 4 5 6 |  6.8
Conjurations   | 2 3 4 5 6 |  6.8
Dodging        | |  1.5
Stealth        | |  1.5

Action                   |  1- 3 |  4- 6 |  7- 9 || total
-------------------------+-------+-------+-------++-------
Melee: Dagger            |     5 |       |       ||     5
       Spear             |    14 |       |       ||    14
 Fire: Hand crossbow     |    10 |    71 |   155 ||   236
 Cast: Freeze            |    33 |    33 |    80 ||   146
       Throw Icicle      |       |       |     5 ||     5
       Ozocubu's Armour  |       |       |     3 ||     3
  Use: Scroll            |     3 |     2 |     3 ||     8
 Stab: Sleeping          |     1 |       |       ||     1
       Distracted        |     1 |       |       ||     1
Armor: Robe              |    12 |     8 |    49 ||    69
Dodge: Dodged            |    28 |    24 |   105 ||   157

Table legend:
 A = Non-vault XP
 B = Vault XP
 C = Vault XP percentage of total XP
 D = Non-vault monster count
 E = Vault monster count
 F = Vault count percentage of total count
                 A         B        C        D         E       F
            +---------+---------+-------+---------+---------+-------
      Total |    2532 |     870 |  25.6 |     130 |       8 |   5.8
            +---------+---------+-------+---------+---------+-------
        D:1 |      18 |       2 |  10.0 |      11 |       1 |   8.3
        D:2 |     127 |       0 |   0.0 |      22 |       0 |   0.0
        D:3 |      82 |       0 |   0.0 |      16 |       0 |   0.0
        D:4 |     567 |       0 |   0.0 |      25 |       0 |   0.0
        D:5 |     526 |     775 |  59.6 |      15 |       6 |  28.6
        D:6 |     655 |      93 |  12.4 |      29 |       1 |   3.3
        D:7 |     557 |       0 |   0.0 |      12 |       0 |   0.0
            +---------+---------+-------+---------+---------+-------
